Map: Para Site LE

Players

Namshar

  • Race: Zerg Zerg
  • Spawn Location: 5:00

Denver - Winner!

  • Race: Zerg Zerg
  • Spawn Location: 11:00

Event: WCS Montreal 2018

VOD

Have the link to the VOD?

Description

Time

  • Played on: Sept. 7, 2018, 4:35 p.m.
  • Length: 12:27

All games in this series

Show
View Real Time Build Order
Export as new Build Order

Namshar Zerg 

Build Orders: 1 Base Baneling Bust, Pool First, Zergling Baneling 

Get SALT Encoding   

  12  0:00  Drone  
  13  0:10  Extractor  
  12  0:23  Spawning Pool  
  12  0:28  Drone  
  12  0:32  Drone  
  13  0:38  Drone  
  14  0:49  Overlord  
  14  1:11  Zergling x2, Metabolic Boost  
  15  1:16  Queen  
  17  1:20  Zergling x2  
  17  1:23  Zergling x2  
  19  1:27  Zergling x2  
  21  1:32  Zergling x2  
  21  1:47  Overlord  
  21  1:58  Baneling Nest  
  21  2:00  Zergling x2  
  21  2:06  Zergling x2  
  22  2:17  Zergling x2  
  23  2:28  Zergling x6  
  26  2:39  Zergling x2  
  27  2:45  Baneling x2  
  27  2:48  Zergling x2  
  27  2:57  Baneling x2  
  27  2:58  Baneling  
  27  3:00  Drone x2  
  24  3:17  Drone x2  
  22  3:35  Hatchery  
  22  3:38  Drone  
  22  3:41  Drone  
  22  3:48  Baneling  
  23  3:49  Baneling  
  23  3:52  Drone  
  23  3:53  Drone  
  25  4:05  Zergling x4  
  27  4:16  Baneling x2  
  26  4:17  Overlord  
  22  4:38  Drone x2  
  22  4:39  Queen  
  22  4:43  Drone  
  26  4:47  Drone  
  26  4:48  Drone x2  
  26  4:50  Drone  
  30  4:59  Baneling  
  29  5:04  Drone x3  
  32  5:09  Drone  
  33  5:21  Drone, Overlord  
  33  5:23  Overlord  
  33  5:25  Drone  
  35  5:33  Drone x2  
  35  5:34  Drone  
  34  5:38  Zergling x2  
  33  5:43  Zergling x8  
  37  5:50  Queen  
  37  5:54  Zergling x2  
  37  5:55  Zergling x4  
  41  6:08  Drone x3  
  41  6:11  Drone  
  44  6:19  Drone  
  44  6:20  Drone  
  44  6:21  Hatchery  
  44  6:22  Baneling  
  44  6:24  Baneling  
  45  6:32  Drone x4  
  47  6:37  Queen  
  49  6:40  Overlord  
  49  6:50  Extractor  
  49  6:52  Evolution Chamber, Lair  
  47  6:56  Zergling x8  
  51  7:04  Zergling x2  
  51  7:07  Zergling x6  
  51  7:08  Zergling x6  
  58  7:20  Zerg Ground Armor Level 1  
  58  7:25  Drone  
  58  7:26  Drone  
  58  7:27  Roach Warren  
  58  7:32  Baneling x2  
  58  7:33  Baneling x2  
  58  7:34  Baneling x2  
  57  7:44  Drone x4  
  60  7:54  Drone  
  60  7:55  Drone x5  
  64  8:00  Queen  
  64  8:05  Zergling x4, Queen  
  60  8:08  Queen  
  60  8:11  Zergling x6  
  63  8:17  Spore Crawler  
  63  8:18  Spore Crawler  
  63  8:19  Spore Crawler  
  60  8:21  Zergling x2  
  60  8:22  Zergling x2  
  60  8:26  Glial Reconstitution  
  62  8:28  Overlord  
  62  8:37  Overlord x2  
  62  8:41  Spore Crawler  
  62  8:46  Queen x2  
  65  8:49  Overlord  
  65  8:50  Overlord  
  65  9:03  Drone x5  
  65  9:05  Drone  
  65  9:06  Extractor x2, Drone x3  
  71  9:11  Drone  
  71  9:12  Drone x3  
  71  9:13  Infestation Pit, Extractor  
  72  9:20  Queen  
  72  9:22  Drone x3  
  77  9:27  Drone  
  77  9:30  Drone x5  
  77  9:41  Queen  
  77  9:43  Drone  
  77  9:44  Drone  
  79  9:49  Pathogen Glands  
  79  9:50  Drone  
  79  9:51  Hydralisk Den, Roach  
  81  9:53  Roach  
  81  9:59  Spore Crawler  
  80  10:01  Drone x2  
  82  10:07  Roach  
  82  10:08  Roach x3  
  82  10:09  Baneling  
  87  10:22  Roach  
  87  10:23  Roach  
  89  10:39  Extractor  
  89  10:42  Roach  
  90  10:44  Overlord x4  
  90  10:47  Extractor  
  89  11:05  Drone  
  89  11:06  Infestor x4  
  98  11:13  Drone  
  98  11:14  Drone  
  98  11:15  Grooved Spines  
  98  11:18  Roach x6  
  112  11:31  Spore Crawler, Infestor  
  112  11:32  Spore Crawler  
  112  11:36  Roach  
  112  11:37  Roach x4  
  93  12:00  Roach x5  
  95  12:13  Spore Crawler  
Show
View Real Time Build Order
Export as new Build Order

Denver Zerg - Winner!

Build Orders: Pool First, Muta Ling Bane 

Get SALT Encoding   

  12  0:01  Drone  
  13  0:12  Overlord  
  13  0:17  Drone  
  14  0:30  Drone x2  
  16  0:38  Drone  
  17  0:44  Extractor  
  17  0:45  Spawning Pool  
  17  0:49  Drone  
  16  0:57  Drone  
  17  1:15  Hatchery  
  16  1:19  Drone  
  17  1:33  Zergling x4  
  17  1:37  Queen  
  21  1:44  Metabolic Boost  
  21  1:51  Overlord  
  21  1:56  Zergling x2  
  22  2:10  Zergling x2, Baneling Nest  
  22  2:11  Zergling x2  
  23  2:21  Zergling x2  
  24  2:27  Spine Crawler  
  24  2:28  Zergling x2  
  24  2:32  Zergling x2  
  25  2:39  Queen  
  27  2:54  Baneling x3  
  27  2:56  Drone x2  
  27  2:59  Baneling  
  27  3:04  Zergling x2  
  27  3:05  Zergling x2  
  28  3:18  Zergling x4  
  24  3:27  Drone x2  
  24  3:29  Drone  
  24  3:33  Zergling x2  
  28  3:54  Hatchery  
  27  4:00  Zergling x4  
  27  4:17  Zergling x4  
  27  4:20  Overlord  
  26  4:31  Drone x3  
  26  4:34  Overlord  
  29  4:42  Zergling x2  
  30  4:45  Baneling x2  
  30  4:48  Drone  
  31  4:59  Zergling x2  
  29  5:00  Drone  
  29  5:03  Lair  
  29  5:04  Drone x2  
  29  5:06  Drone  
  33  5:10  Drone  
  34  5:18  Zergling x2  
  34  5:20  Drone  
  36  5:29  Drone  
  36  5:30  Drone x2  
  36  5:34  Drone x2  
  40  5:38  Drone  
  40  5:40  Extractor x2, Drone x3  
  39  5:44  Drone  
  40  5:53  Queen  
  40  5:54  Overlord  
  40  5:56  Drone  
  43  6:07  Extractor, Zergling x10  
  46  6:16  Spire  
  46  6:18  Drone  
  46  6:20  Drone  
  46  6:23  Drone  
  48  6:26  Drone x2  
  48  6:27  Baneling  
  48  6:32  Drone x2  
  52  6:38  Drone x3  
  56  6:40  Drone  
  56  6:42  Drone  
  57  6:52  Overlord x2  
  57  7:02  Hatchery  
  55  7:17  Overlord  
  55  7:21  Zergling x14  
  60  7:29  Mutalisk x2  
  60  7:30  Mutalisk  
  60  7:33  Mutalisk  
  60  7:35  Baneling x3  
  68  7:41  Mutalisk x2  
  71  7:45  Baneling x2  
  71  7:46  Baneling  
  68  8:04  Mutalisk x3  
  67  8:09  Drone  
  67  8:10  Queen  
  70  8:14  Queen  
  70  8:17  Drone x3  
  75  8:25  Drone x2  
  75  8:26  Evolution Chamber  
  76  8:27  Extractor  
  76  8:30  Drone  
  76  8:35  Drone x3  
  76  8:38  Extractor  
  76  8:39  Mutalisk x2  
  82  8:44  Zergling x2  
  83  8:51  Baneling x2  
  83  8:52  Zergling x10  
  88  8:59  Mutalisk, Overlord  
  88  9:01  Overlord  
  90  9:04  Overlord  
  90  9:08  Zerg Melee Weapons Level 1  
  89  9:12  Overlord  
  89  9:16  Drone  
  90  9:20  Centrifical Hooks  
  90  9:24  Zergling x6  
  90  9:35  Zergling x12  
  90  9:38  Drone x2  
  89  9:47  Zergling x8  
  89  9:51  Mutalisk  
  89  9:52  Mutalisk  
  95  9:58  Mutalisk x2  
  101  10:04  Mutalisk x2  
  101  10:18  Mutalisk x4  
  106  10:28  Zergling x18  
  105  10:34  Mutalisk  
  106  10:36  Overlord  
  106  10:37  Mutalisk  
  106  10:41  Zergling x2  
  106  10:42  Zergling x4  
  111  10:45  Baneling  
  111  10:46  Baneling x2  
  111  10:50  Mutalisk  
  111  10:52  Zergling x6  
  114  10:58  Zergling x8  
  118  11:07  Baneling x7  
  118  11:10  Zergling x2  
  118  11:11  Zergling x6  
  121  11:19  Mutalisk x2  
  121  11:21  Baneling x4  
  125  11:26  Overlord  
  125  11:39  Zergling x12  
  119  11:47  Zergling x14  
  111  11:57  Mutalisk x4  
  109  12:02  Mutalisk  
  109  12:03  Mutalisk  
Tags
 
Add a new tag
Caveats
  • Supply blocks, unpowered buildings, or Contaminate may cause inaccurate times.
  • Supply counts are checked every 10 seconds.